AoeStats
← FahRenheiTTT

Coastal Forest

510847363Analyzed
3v3 RM · 12h ago on Oct 2, 2026· 36m 42s· 6 players
Game mode
Random Map
Map size
Normal (6 player)
Population
200
Speed
Normal
Resources
Standard
Victory
Conquest
Starting age
Dark Age
Ending age
Imperial Age
RankedLock teamsTeams togetherTeam positionsShared explorationLock speedFull tech treeHidden civsTurbo modeCheats
Victory
Defeat
🇹🇷 Teutons · Türkiye
783
+17
🇹🇷 Jurchens · Türkiye
772
+18
🇹🇷 Bengalis · Türkiye
652
+22
🇺🇸 Sicilians · United States
823
-20
🇧🇷 Teutons · Brazil
804
-19
🇭🇺 Dravidians · Hungary
786
-18
FahRenheiTTT
9:19 Feudal Age
7:37 Loom
13:46 Horse Collar
13:55 Double-Bit Axe
20:03 Castle Age
22:46 Heavy Plow
34:34 Murder Holes
filho.do.fgc
1:40 Loom
11:20 Feudal Age
20:32 Castle Age
20:50 Horse Collar
21:47 Pikeman
28:46 Wheelbarrow
31:23 Hand Cart
34:45 Town Watch
henry j.waternoose
11:49 Feudal Age
13:11 Loom
16:13 Fletching
21:14 Castle Age
19:19 Town Watch
19:56 Double-Bit Axe
22:36 Bodkin Arrow
30:07 Horse Collar
D
11:25 Feudal Age
9:43 Loom
12:57 Double-Bit Axe
18:18 Castle Age
17:24 Stone Mining
LuTz
10:21 Feudal Age
8:39 Loom
10:25 Feudal Age
11:35 Double-Bit Axe
11:38 Horse Collar
14:47 Gold Mining
18:10 Castle Age
17:11 Scale Barding Armor
17:30 Bloodlines
19:15 Bow Saw
21:41 Scale Mail Armor
23:00 Padded Archer Armor
23:21 Chain Mail Armor
25:02 Ballistics
27:01 Wheelbarrow
26:41 Heavy Plow
28:17 Leather Archer Armor
27:52 Fletching
28:13 Forging
30:43 Imperial Age
34:34 Chemistry
33:19 Arrowslits
34:09 Capped Ram
Çerkes
11:17 Feudal Age
11:48 Double-Bit Axe
18:57 Castle Age
19:12 Forging
19:13 Horse Collar
20:01 Bow Saw
20:26 Scale Barding Armor
22:10 Bloodlines
24:02 Chain Barding Armor
24:35 Iron Casting
33:13 Imperial Age
32:10 Scale Mail Armor
34:07 Wheelbarrow
33:18 Town Watch
33:18 Loom
35:09 Elite Teutonic Knight
37:21 Chain Mail Armor
38:07 Blast Furnace
Connection lost

Rejoining the realm…

Still unreachable

The connection could not be restored.

Session expired

The server has moved on; the page needs a fresh start.